 Dungeon Crawl Stone Soup version 0.17.1-1-g73c8601 (webtiles) character file.

519194 dvd the Hoplite (level 24, -31/207 HPs)
             Began as a Deep Dwarf Berserker on Dec 13, 2015.
             Was a High Priest of Trog.
             Killed from afar by an ancient lich (90 damage)
             ... with an iron shot
             ... on level 3 of the Depths on Dec 20, 2015.
             The game lasted 06:41:10 (58412 turns).

dvd the Hoplite (Deep Dwarf Berserker)             Turns: 58412, Time: 06:41:10

Health: -31/207    AC: 48    Str: 24    XL:     24   Next: 6%
Magic:  28/28      EV: 14    Int: 15    God:    Trog [*****.]
Gold:   4893       SH: 22    Dex: 26    Spells: 0 memorised, 23 levels left

rFire  + . .     SeeInvis +     w - +1 eveningstar "Brilliance" {holy, rN+ AC+5 Int+5}
rCold  + . .     Clarity  .     i - +1 crystal plate armour
rNeg   + + +     SustAt   .     J - +3 shield {rC+ rF+}
rPois  +         Gourm    +     n - +2 helmet
rElec  .         Spirit   .     B - +0 cloak of the Vestibule of Hell {rPois rCorr Str-3 SInv}
rCorr  +         Warding  .     G - +2 pair of gloves {Dex+3}
rMut   .         Stasis   .     g - +2 pair of boots
MR     ++++.                    D - amulet of the gourmand
Stlth  ..........               Y - +5 ring of dexterity
                                y - ring of Giyrresch {rN+ MR+ Dex+2}

@: non-regenerating, glowing, drained, incredibly resistant to hostile
enchantments, extremely unstealthy
A: damage resistance, recharge devices, icy blue scales 1, slimy green scales 1,
frail 1, negative energy resistance 1, sense surroundings 3, slow regeneration 3
a: Device Recharging, Berserk, Trog's Hand, Brothers in Arms, Burn Spellbooks,
Renounce Religion
}: 3/15 runes: decaying, serpentine, silver


You were on level 3 of the Depths.
You worshipped Trog.
Trog was extremely pleased with you.
You were completely stuffed.

You visited 9 branches of the dungeon, and saw 47 of its levels.
You also visited: Labyrinth.

You collected 5821 gold pieces.
You spent 928 gold pieces at shops.

Inventory:

Hand Weapons
 a - a +5 war axe of electrocution
 b - a +4 vampiric morningstar
 c - a +8 greatsling of freezing
 m - the +4 hunting sling of the Orb {velocity, rElec rF++ Int+4 Stlth+}
   (Trog gifted it to you on level 2 of the Vaults)

   Any stone fired from it inflicts extra damage.
   It affects your intelligence (+4).
   It greatly protects you from fire.
   It insulates you from electricity.
   It makes you more stealthy.
 w - the +1 eveningstar "Brilliance" (weapon) {holy, rN+ AC+5 Int+5}
   (You found it on level 5 of the Vaults)

   It has been blessed by the Shining One to cause great damage to the undead
   and demons.
   It affects your AC (+5).
   It affects your intelligence (+5).
   It protects you from negative energy.
 x - a +7 antimagic flail
 P - the +8 hunting sling of Dominance {velocity, rElec SInv}
   (Trog gifted it to you on level 1 of the Vaults)

   Any stone fired from it inflicts extra damage.
   It insulates you from electricity.
   It lets you see invisible.
Missiles
 d - 52 silver sling bullets
 s - 25 steel sling bullets
 v - 18 exploding sling bullets
 C - 93 poisoned sling bullets
 E - 109 sling bullets of frost
 Q - 50 sling bullets of flame
Armour
 g - a +2 pair of boots (worn)
 i - a +1 crystal plate armour (worn)
 n - a +2 helmet (worn)
 o - the +1 shield "Cahevog" {MR++ Int-3 Dex+7}
   (You acquired it on level 10 of the Dungeon)

   It affects your intelligence (-3).
   It affects your dexterity (+7).
   It affects your resistance to hostile enchantments.
 u - the +2 scale mail of the Original Sin {rC+ rN+ rCorr Int+4}
   (You found it on level 3 of the Elven Halls)

   It affects your intelligence (+4).
   It protects you from cold.
   It protects you from negative energy.
   It protects you from acid and corrosion.
 z - a +0 helmet of see invisible
 B - the +0 cloak of the Vestibule of Hell (worn) {rPois rCorr Str-3 SInv}
   (You found it on level 3 of the Elven Halls)

   It affects your strength (-3).
   It protects you from poison.
   It lets you see invisible.
   It protects you from acid and corrosion.
 G - a +2 pair of gloves of dexterity (worn)
 H - the +1 plate armour of the Beggar {*Drain rPois SInv}
   (You acquired it on level 6 of the Lair of Beasts)

   It protects you from poison.
   It lets you see invisible.
   It causes draining when unequipped.
 J - a +3 shield of resistance (worn)
Rods
 U - a +4 rod of the swarm (11/11)
   (You took it off an ironheart preserver on level 5 of the Vaults)
Jewellery
 h - an uncursed amulet of clarity
 q - an uncursed ring of protection from fire
 y - the ring of Giyrresch (left hand) {rN+ MR+ Dex+2}
   (You bought it in a shop on level 4 of the Orcish Mines)

   [ring of protection from magic]

   It affects your dexterity (+2).
   It protects you from negative energy.
   It affects your resistance to hostile enchantments.
 D - an amulet of the gourmand (around neck)
 O - a +4 ring of protection
 Y - a +5 ring of dexterity (right hand)
Wands
 j - a wand of cold (7)
 p - a wand of teleportation (3)
 A - a wand of digging (17)
 F - a wand of disintegration (17)
 K - a wand of cold (8)
 S - a wand of paralysis (13)
 T - a wand of heal wounds (3)
 W - a wand of draining (9)
Scrolls
 e - 16 scrolls of remove curse
 l - 7 scrolls of identify
 N - 2 scrolls of blinking
 X - 5 scrolls of magic mapping
Potions
 f - 5 potions of curing
 I - a potion of cure mutation
 L - a potion of agility
 R - a potion of resistance
Comestibles
 k - 18 meat rations
 r - 60 fruits
 M - 26 bread rations
 V - 7 chunks of flesh


   Skills:
 + Level 16.4(16.3) Fighting
   Level 1.5(1.4) Short Blades
 + Level 18.9(20.7) Axes
 + Level 14.5(17.8) Maces & Flails
   Level 1.9(11.1) Polearms
 + Level 12.7(12.6) Slings
 * Level 18.9(18.8) Armour
 + Level 11.0 Dodging
 - Level 2.0(1.9) Stealth
 + Level 23.4(23.3) Shields
 + Level 10.0(9.9) Evocations


You had 23 spell levels left.
You didn't know any spells.

Dungeon Overview and Level Annotations

Branches:
Dungeon (15/15)            Temple (0/1) D:4            Lair (8/8) D:8
  Swamp (4/4) Lair:5        Snake (4/4) Lair:5        Slime (0/6) Lair:6
    Orc (4/4) D:9             Elf (3/3) Orc:4        Vaults (5/5) D:13
  Crypt (0/3) Vaults:2     Depths (3/5) D:15           Hell (1/1)
    Dis: Hell:1         Geh: Hell:1         Coc: Hell:1         Tar: Hell:1

Altars:
Ashenzari
Dithmenos
Elyvilon
Kikubaaqudgha
Nemelex Xobeh
Ru
Sif Muna
Trog
Xom
Yredelemnul
Zin
The Shining One
Beogh

Shops:
D:14 *   Orc:4 (=[*   Elf:3 }   Vaults:1 :   Vaults:3 (=:?   Vaults:5 [}

Portals:
Hell: Depths:1 Depths:2 Depths:3
Abyss: Depths:2
Pandemonium: Depths:1

Annotations:
Hell Geryon


Innate Abilities, Weirdness & Mutations

You are resistant to damage.
You can recharge devices by infusing magical energy.
You resist negative energy.
You passively map a large area around you.
You do not regenerate naturally.
You are partially covered in icy blue scales (AC +1).
You are partially covered in slimy green scales (AC +2).
You are frail (-10% HP).


Message History

The ancient lich is lightly damaged.
You block the ancient lich's attack.
You hit the ancient lich but do no damage.
The ancient lich is lightly damaged.
The ancient lich misses you.
You hit the ancient lich.
The ancient lich convulses.
The ancient lich is lightly damaged.
You hit the ancient lich.
The ancient lich convulses.
The ancient lich is lightly damaged.
You block the ancient lich's attack.
You hit the ancient lich but do no damage.
The ancient lich is lightly damaged.
You block the ancient lich's attack.
You hit the ancient lich but do no damage.
The ancient lich is lightly damaged.
You hit the ancient lich but do no damage.
The ancient lich is lightly damaged.
The ancient lich gestures at you while chanting.
The iron shot hits you!
You die...

#..##.......#**
#..##.......#,
, , ,
#..###.#.#.##
,, * #..#
###+### , ,
#..# .. #..#
.#*,#* ,
#..##.##.##. *
#..#........ ,
#..'@_......
#..#L....... ,
#..##.##.##. **
#..#*.# # , ,
#..# .. ,, ,, *
##+# ### * , *
* * * ,* , , ,
* , *,, * * , *
* *.


You could see an ancient lich (invisible).

Vanquished Creatures
  An ancient lich (Vaults:5)
  Nikola (Depths:1)
  2 golden dragons (Vaults:4)
  A lich (Vaults:4)
  A tentacled monstrosity (Vaults:4)
  4 deep elf blademasters
  5 titans
  2 deep elf master archers (Elf:3)
  A quicksilver dragon (Vaults:5)
  An acid blob (shapeshifter) (Depths:2)
  An ancient champion (Vaults:2)
  3 sphinxes
  A shadow dragon (Vaults:5)
  3 octopode crushers
  6 thorn hunters
  Kirke (Lair:6)
  6 storm dragons
  9 tengu reavers
  8 fire giants
  11 greater nagas
  Donald (Swamp:1)
  7 frost giants
  19 vault wardens
  A frost giant (shapeshifter) (Vaults:1)
  8 deep elf sorcerers
  Louise (Swamp:4)
  A juggernaut zombie (Depths:3)
  2 emperor scorpions (Depths:2)
  5 spriggan defenders
  The ghost of Nicoed the Destroyer, an adept OpCj of Sif Muna (D:12)
  3 juggernaut skeletons (Depths:2)
  A war gargoyle (Vaults:4)
  9 ironheart preservers
  20 stone giants
  12 very ugly things
  9 deep elf demonologists
  A vampire knight (Depths:2)
  7 deep elf annihilators
  38 vault guards
  Snorg (Lair:6)
  13 ettins
  A merfolk javelineer (Depths:2)
  9 deep elf death magi
  6 deep elf high priests
  2 merfolk impalers (Depths:1)
  A minotaur (Lab)
  2 fire dragons
  19 yaktaur captains
  6 jiangshi
  Fannar (Orc:1)
  8 centaur warriors
  21 naga warriors
  6 ice dragons
  11 great orbs of eyes
  5 entropy weavers
  11 anacondas
  2 ghost crabs
  28 hydras
  A juggernaut simulacrum (Depths:3)
  15 dancing weapons (Elf:2)
  An alligator snapping turtle (Depths:2)
  15 ogre magi
  The ghost of Nicoed the Reanimator, a novice DrNe of Sif Muna (D:10)
  5 alligators
  3 spriggan air magi
  A deep troll earth mage (Vaults:2)
  8 tengu warriors
  3 vampire magi
  A satyr (Depths:2)
  6 death yaks (Lair:8)
  A titan zombie (Depths:2)
  The ghost of lucasterio the Basher, a novice DsBe of Trog (D:11)
  A deep troll shaman (Vaults:2)
  7 naga sharpshooters
  4 shock serpents
  A spriggan berserker (Depths:3)
  16 deep elf knights
  2 small abominations
  A titan skeleton (Depths:3)
  4 fire crabs
  3 soul eaters
  8 skeletal warriors
  5 salamander mystics
  An unseen horror (shapeshifter) (D:13)
  5 flayed ghosts
  8 deep trolls
  4 giant orange brains
  A shadow wraith (Vaults:4)
  A shadow demon (Depths:1)
  10 swamp dragons
  A gelid demonspawn (Depths:1)
  10 deep elf summoners
  A deep troll (shapeshifter) (Vaults:5)
  7 hill giants
  5 phantasmal warriors
  An infernal demonspawn (Depths:1)
  8 necromancers
  3 shambling mangroves
  2 unseen horrors
  An orange crystal statue (Depths:2)
  10 naga ritualists
  Pikel (D:6)
  8 orc knights
  26 ironbrand convokers
  2 tengu zombies (Depths:3)
  A wolf spider (shapeshifter) (Depths:2)
  19 deep elf conjurers
  6 griffons
  An iron dragon zombie (Depths:3)
  14 mana vipers
  A manticore (D:15)
  32 ugly things
  5 wizards
  A sphinx skeleton (Depths:3)
  7 wolf spiders
  12 cyclopes
  2 fauns (shapeshifter) (Vaults:5)
  An orc sorcerer (Orc:4)
  19 naga magi
  A guardian serpent (shapeshifter) (Vaults:2)
  11 salamanders
  5 hornets
  25 elephants
  2 fire giant skeletons (Depths:3)
  A frost giant skeleton (Depths:3)
  2 spriggan zombies
  2 gargoyles (D:13)
  16 vault sentinels
  A spiny frog (shapeshifter) (Vaults:3)
  2 centaur skeletons
  43 black mambas
  10 guardian serpents
  25 spiny frogs
  2 storm dragon simulacra
  A komodo dragon (shapeshifter) (Vaults:1)
  An eye of devastation (Lair:6)
  2 efreet
  4 kobold demonologists
  A hellwing (Depths:1)
  7 komodo dragons
  57 yaktaurs
  3 fire drakes
  2 yaktaurs (shapeshifter)
  A queen bee (shapeshifter) (Vaults:4)
  A yaktaur skeleton (Depths:1)
  14 deep elf priests
  3 jumping spiders
  5 spriggan druids
  9 trolls
  6 polar bears
  2 jumping spiders (shapeshifter)
  8 tengu conjurers
  A spriggan skeleton (Depths:2)
  3 giant leeches
  24 blink frogs
  2 elf skeletons (Depths:3)
  A wind drake (Depths:2)
  A two-headed ogre (shapeshifter) (Vaults:3)
  6 freezing wraiths
  4 boulder beetles
  Grinder (D:6)
  2 shadow dragon simulacra
  24 slime creatures
  24 two-headed ogres
  5 bog bodies
  A trapdoor spider zombie (D:12)
  2 fire giant simulacra
  A tarantella (shapeshifter) (D:15)
  18 spriggans
  8 water elementals
  Sigmund (D:6)
  29 deep elf magi
  2 tarantellas (Depths:2)
  A shadow (Swamp:1)
  2 trapdoor spiders (Lab)
  A trapdoor spider (shapeshifter) (Elf:3)
  23 redbacks
  4 air elementals
  A hog (shapeshifter) (Elf:2)
  5 wyverns
  A vampire (Vaults:2)
  5 wraiths
  37 yaks
  4 hungry ghosts (Lab)
  A neqoxec (Depths:1)
  Grum (D:9)
  41 wolves
  A basilisk (Lair:7)
  14 hippogriffs
  A mottled dragon (shapeshifter) (Vaults:1)
  29 deep elf fighters
  2 humans (D:13)
  5 hogs (Lair:6)
  15 swamp worms
  7 wargs
  59 nagas
  24 vampire mosquitoes
  3 insubstantial wisps (Swamp:4)
  A hornet simulacrum (D:14)
  14 porcupines
  22 water moccasins
  19 orc warriors
  A water moccasin (shapeshifter) (Elf:2)
  6 black bears
  24 wasps
  An elf simulacrum (Depths:2)
  6 ice beasts
  6 boggarts (Depths:1)
  3 eyes of draining
  A sky beast (D:6)
  11 swamp drakes
  2 eyes of draining (shapeshifter)
  3 phantoms
  2 black bears (shapeshifter) (Vaults:5)
  A tengu (shapeshifter) (D:12)
  An ogre (shapeshifter) (D:12)
  65 ogres
  16 centaurs
  14 crocodiles
  A brain worm (D:15)
  6 big kobolds
  16 giant frogs
  A wyvern zombie (D:12)
  2 water moccasin skeletons
  17 killer bees
  3 scorpions
  5 wights (D:7)
  9 electric eels
  5 crimson imps
  2 giant frog zombies
  2 wyvern simulacra (D:14)
  7 centaur zombies
  14 orc priests
  3 jellies
  4 hounds
  3 giant frog skeletons
  2 human simulacra
  A gnoll shaman (D:7)
  9 worker ants
  8 iguanas
  31 orc wizards
  A killer bee zombie (D:8)
  15 sheep
  A hound zombie (D:5)
  A hound skeleton (D:11)
  4 gnolls
  17 adders
  53 river rats
  9 shadow imps
  2 white imps (D:14)
  2 oozes
  An adder zombie (D:8)
  An adder skeleton (D:4)
  5 worms
  4 giant geckos
  156 orcs
  6 bats
  13 goblins
  7 hobgoblins
  17 jackals
  3 quokkas
  2 ball pythons (Snake:1)
  6 giant cockroaches
  A giant gecko skeleton (D:6)
  A giant gecko zombie (D:6)
  9 giant newts
  A jackal skeleton (D:5)
  A jackal zombie (D:7)
  13 kobolds
  8 rats
  6 briar patches
  A butterfly (Lair:5)
  7 crawling corpses
  8 fungi
  A plant (Lair:8)
2193 creatures vanquished.

Vanquished Creatures (collateral kills)
  A spiny frog (Lair:7)
  A yak (Lair:7)
2 creatures vanquished.

Vanquished Creatures (others)
  2 fire giants
  A deep elf high priest (Vaults:5)
  A spriggan druid (Swamp:4)
  A flayed ghost (Vaults:4)
  A deep elf conjurer (Elf:2)
  A wizard (D:4)
  A black mamba (Lair:7)
  3 yaks (Lair:7)
  2 deep elf magi
  A deep elf fighter (Elf:2)
  3 swamp drakes
  2 ogres
  A boggart (Depths:1)
  A giant frog (D:15)
  An electric eel (Lair:8)
  An adder (D:3)
  A river rat (Lair:8)
  An orc (D:8)
  3 briar patches (Swamp:4)
  A crawling corpse (Vaults:5)
  75 fungi
  53 plants
157 creatures vanquished.

Grand Total: 2352 creatures vanquished

Notes
Turn   | Place    | Note
--------------------------------------------------------------
     0 | D:1      | dvd the Deep Dwarf Berserker began the quest for the Orb.
     0 | D:1      | Reached XP level 1. HP: 20/20 MP: 1/1
    72 | D:1      | Reached XP level 2. HP: 24/27 MP: 2/2
   283 | D:1      | Reached ** piety under Trog
   283 | D:1      | Reached skill level 4 in Axes
   355 | D:1      | Reached XP level 3. HP: 24/34 MP: 3/3
   939 | D:2      | Reached skill level 1 in Evocations
   999 | D:2      | Reached XP level 4. HP: 23/42 MP: 4/4
  2309 | D:3      | Reached XP level 5. HP: 37/49 MP: 6/6
  2326 | D:3      | Reached *** piety under Trog
  2835 | D:4      | Found a staircase to the Ecumenical Temple.
  3006 | D:4      | Found a bloodstained altar of Trog.
  3007 | D:4      | Noticed a wizard
  3013 | D:4      | Killed a wizard
  3083 | D:4      | Reached skill level 1 in Shields
  3157 | D:5      | Entered Level 5 of the Dungeon
  3258 | D:5      | Found an ancient bone altar of Kikubaaqudgha.
  3264 | D:5      | Found a glowing golden altar of the Shining One.
  3397 | D:5      | Reached XP level 6. HP: 44/56 MP: 8/8
  3527 | D:5      | Noticed an ogre
  3544 | D:5      | Killed an ogre
  4080 | D:5      | Noticed a centaur
  4093 | D:5      | Killed a centaur
  4093 | D:5      | Reached skill level 5 in Axes
  4093 | D:5      | Reached XP level 7. HP: 49/63 MP: 9/9
  4286 | D:6      | Found a glowing silver altar of Zin.
  4366 | D:6      | Reached skill level 5 in Dodging
  4403 | D:6      | Reached skill level 5 in Evocations
  4479 | D:6      | Reached XP level 8. HP: 55/72 MP: 11/11
  4491 | D:6      | Noticed Sigmund
  4510 | D:6      | Killed Sigmund
  4510 | D:6      | Reached skill level 1 in Maces & Flails
  4522 | D:6      | Found a white marble altar of Elyvilon.
  4609 | D:6      | Noticed Grinder
  4638 | D:6      | Killed Grinder
  4865 | D:6      | Gained mutation: You passively map the area around you. [potion of beneficial mutation]
  4942 | D:6      | Found a basalt altar of Yredelemnul.
  5069 | D:6      | Found a shattered altar of Ashenzari.
  5093 | D:6      | Noticed Pikel
  5120 | D:6      | Killed Pikel
  5120 | D:6      | Reached skill level 5 in Armour
  5120 | D:6      | Reached skill level 6 in Dodging
  5120 | D:6      | Reached skill level 5 in Shields
  5120 | D:6      | Gained mutation: You passively map a large area around you. [Deep Dwarf growth]
  5120 | D:6      | Reached XP level 9. HP: 69/79 MP: 13/13
  5147 | D:6      | Found a shadowy altar of Dithmenos.
  6009 | D:7      | Reached skill level 1 in Polearms
  6133 | D:7      | Reached skill level 5 in Fighting
  6141 | D:7      | Reached skill level 7 in Evocations
  6490 | D:8      | Noticed a fire drake
  6521 | D:8      | Killed a fire drake
  6540 | D:8      | Found a staircase to the Lair.
  6940 | D:8      | Reached XP level 10. HP: 44/88 MP: 15/15
  6958 | D:8      | Reached skill level 8 in Evocations
  7330 | D:9      | Paralysed by a wasp for 2 turns
  7350 | D:9      | Noticed Grum
  7389 | D:9      | Killed Grum
  7642 | D:9      | Found a sacrificial altar of Ru.
  8017 | D:9      | Found a staircase to the Orcish Mines.
  8235 | D:10     | Entered Level 10 of the Dungeon
  8242 | D:10     | Noticed Nicoed's ghost (novice DrNe)
  8283 | D:10     | Killed Nicoed's ghost
  8527 | D:10     | Paralysed by a wasp for 3 turns
  8590 | D:10     | Reached skill level 9 in Evocations
  8723 | D:10     | Noticed a hill giant
  8764 | D:10     | Reached skill level 1 in Short Blades
  8859 | D:10     | Identified a scroll of acquirement
  8860 | D:10     | Got a shimmering shield
  8871 | D:10     | Identified the +1 shield "Cahevog" {MR++ Int-3 Dex+7} (You acquired it on level 10 of the Dungeon)
  9094 | D:10     | Reached XP level 11. HP: 54/97 MP: 17/17
  9443 | D:11     | Killed a hill giant
  9650 | D:11     | Noticed lucasterio's ghost (novice DsBe)
  9667 | D:11     | Killed lucasterio's ghost
  9779 | D:11     | Noticed a hill giant
  9791 | D:11     | Killed a hill giant
  9971 | D:11     | Found a deep blue altar of Sif Muna.
 10411 | Lair:1   | Entered Level 1 of the Lair of Beasts
 10972 | Lair:1   | Noticed a seven-headed hydra
 10978 | Lair:1   | Killed a three-headed hydra
 10978 | Lair:1   | Reached skill level 10 in Shields
 11165 | Lair:1   | Gained mutation: You are partially covered in icy blue scales (AC +1). [potion of beneficial mutation]
 11841 | Lair:2   | Reached XP level 12. HP: 68/109 MP: 18/18
 12354 | Lair:3   | Noticed a seven-headed hydra
 12372 | Lair:3   | Killed a one-headed hydra
 12372 | Lair:3   | Reached skill level 1 in Slings
 12394 | Lair:3   | Noticed an eight-headed hydra
 12406 | Lair:3   | Killed a one-headed hydra
 12406 | Lair:3   | Reached skill level 11 in Shields
 12533 | Lair:3   | Reached **** piety under Trog
 12591 | Lair:3   | Noticed a four-headed hydra
 12605 | Lair:3   | Killed a one-headed hydra
 13339 | Lair:3   | Noticed a five-headed hydra
 13355 | Lair:3   | Killed a one-headed hydra
 13681 | Lair:4   | Noticed a six-headed hydra
 13689 | Lair:4   | Killed a one-headed hydra
 13689 | Lair:4   | Reached skill level 12 in Shields
 13826 | Lair:4   | Noticed an eight-headed hydra
 13844 | Lair:4   | Killed a one-headed hydra
 14636 | Lair:5   | Reached skill level 10 in Axes
 14707 | Lair:5   | Reached XP level 13. HP: 73/117 MP: 20/20
 14815 | Lair:5   | Found a staircase to the Snake Pit.
 15103 | Lair:5   | Reached skill level 10 in Armour
 15125 | Lair:5   | Reached skill level 13 in Shields
 15241 | Lair:5   | Found a staircase to the Swamp.
 15543 | Lair:6   | Received a gift from Trog
 15675 | Lair:6   | Noticed Kirke
 15700 | Lair:6   | Killed Kirke
 15700 | Lair:6   | Reached skill level 5 in Maces & Flails
 15769 | Lair:6   | Got a twisted plate armour
 15780 | Lair:6   | Identified the +1 plate armour of the Beggar {*Drain rPois SInv} (You acquired it on level 6 of the Lair of Beasts)
 15838 | Lair:6   | Noticed Snorg
 15862 | Lair:6   | Received a gift from Trog
 15875 | Lair:6   | Killed Snorg
 15935 | Lair:6   | Got a smoking large shield
 15946 | Lair:6   | Identified the +0 large shield of Haskeedgh {Int+5} (You acquired it on level 6 of the Lair of Beasts)
 16254 | Lair:6   | Received a gift from Trog
 16318 | Lair:6   | Found a staircase to the Slime Pits.
 16811 | Lair:7   | Received a gift from Trog
 17015 | Lair:7   | Reached skill level 14 in Shields
 17544 | Lair:7   | Gained mutation: You resist negative energy. [Deep Dwarf growth]
 17544 | Lair:7   | Reached XP level 14. HP: 81/129 MP: 21/21
 17685 | Lair:8   | Entered Level 8 of the Lair of Beasts
 18472 | Lair:8   | Received a gift from Trog
 18598 | Lair:8   | Reached skill level 5 in Slings
 18612 | Lair:8   | Received a gift from Trog
 18928 | Lair:8   | Reached skill level 15 in Shields
 19299 | Lair:8   | Reached ***** piety under Trog
 19760 | Snake:1  | Entered Level 1 of the Snake Pit
 20399 | Snake:1  | Reached XP level 15. HP: 77/138 MP: 22/22
 20588 | Snake:1  | Found a sacrificial altar of Ru.
 20620 | Snake:1  | Received a gift from Trog
 21007 | Snake:2  | Reached skill level 10 in Fighting
 21267 | Snake:2  | Received a gift from Trog
 21375 | Snake:2  | Reached skill level 16 in Shields
 21741 | Snake:2  | Received a gift from Trog
 22067 | Snake:3  | Received a gift from Trog
 22272 | Snake:3  | Gained mutation: You are agile. (Dex +2) [potion of mutation]
 22272 | Snake:3  | Gained mutation: You are partially covered in slimy green scales (AC +2). [potion of mutation]
 22272 | Snake:3  | Lost mutation: You are agile. (Dex +2) [potion of mutation]
 22583 | Snake:3  | Reached XP level 16. HP: 111/148 MP: 15/22
 22614 | Snake:3  | Noticed a greater naga
 22630 | Snake:3  | Killed a greater naga
 23077 | Snake:4  | Entered Level 4 of the Snake Pit
 23232 | Snake:4  | Found a deep blue altar of Sif Muna.
 23855 | Snake:4  | Reached skill level 17 in Shields
 24142 | Snake:4  | Received a gift from Trog
 24187 | Snake:4  | Reached skill level 10 in Slings
 24557 | Snake:4  | Got a serpentine rune of Zot
 24602 | Snake:4  | Received a gift from Trog
 24651 | Snake:4  | Reached XP level 17. HP: 104/158 MP: 23/23
 25236 | Orc:1    | Entered Level 1 of the Orcish Mines
 25358 | Orc:1    | Noticed Fannar
 25364 | Orc:1    | Received a gift from Trog
 25368 | Orc:1    | Killed Fannar
 25898 | Orc:2    | Received a gift from Trog
 26308 | Orc:3    | Found a roughly hewn altar of Beogh.
 26483 | Orc:3    | Received a gift from Trog
 26978 | Orc:4    | Entered Level 4 of the Orcish Mines
 26978 | Orc:4    | Found a staircase to the Elven Halls.
 26982 | Orc:4    | Found a labyrinth entrance.
 26996 | Lab      | Entered a labyrinth
 27926 | Orc:4    | Found Loiduop's Antique Armour Emporium.
 27956 | Orc:4    | Found Qytoc's General Store.
 27966 | Orc:4    | Received a gift from Trog
 27999 | Orc:4    | Found a roughly hewn altar of Beogh.
 28105 | Orc:4    | Found Qeufye's Jewellery Emporium.
 28207 | Orc:4    | Found Luxon's Antique Weapon Emporium.
 28233 | Orc:4    | Received a gift from Trog
 28554 | Orc:4    | Bought the ring of Giyrresch {rN+ MR+ Dex+2} for 565 gold pieces
 28606 | Elf:1    | Entered Level 1 of the Elven Halls
 29154 | D:12     | Found a shimmering altar of Xom.
 29155 | D:12     | Found a shimmering altar of Xom.
 29155 | D:12     | Found a shimmering altar of Xom.
 29157 | D:12     | Found a shimmering altar of Xom.
 29157 | D:12     | Found a shimmering altar of Xom.
 29161 | D:12     | Noticed Nicoed's ghost (adept OpCj)
 29177 | D:12     | Killed Nicoed's ghost
 30080 | D:12     | Found a shimmering altar of Xom.
 30474 | D:13     | Received a gift from Trog
 30484 | D:13     | Got a fine hand axe {god gift}
 30485 | D:13     | Identified the +7 hand axe of Eweadose {freeze, rN+} (Trog gifted it to you on level 13 of the Dungeon)
 30819 | D:13     | Reached skill level 18 in Shields
 30857 | D:13     | Found a gate to the Vaults.
 30862 | D:13     | Reached skill level 15 in Axes
 30911 | Vaults:1 | Entered Level 1 of the Vaults
 31355 | D:14     | Found a sparkling altar of Nemelex Xobeh.
 31423 | D:14     | Found Tair's General Store.
 32031 | D:15     | Entered Level 15 of the Dungeon
 32282 | D:15     | Received a gift from Trog
 32355 | D:15     | Found a staircase to the Depths.
 33136 | Elf:1    | Gained mutation: You are frail (-10% HP). [a neqoxec]
 33208 | Elf:1    | Received a gift from Trog
 33220 | Elf:1    | Mutation became permanent: You passively map a large area around you. [Deep Dwarf growth]
 33220 | Elf:1    | Reached XP level 18. HP: 125/152 MP: 24/24
 34353 | Elf:2    | Found a runed gate.
 34355 | Elf:2    | Found a runed gate.
 34358 | Elf:2    | Found a runed gate.
 34499 | Elf:2    | Received a gift from Trog
 35172 | Elf:3    | Entered Level 3 of the Elven Halls
 35203 | Elf:3    | Received a gift from Trog
 35308 | Elf:3    | Found Gasunk's Gadget Shop.
 35463 | Elf:3    | Received a gift from Trog
 35897 | Elf:3    | Received a gift from Trog
 35955 | Elf:3    | Noticed a Brimstone Fiend
 36316 | Elf:3    | Reached skill level 19 in Shields
 36343 | Elf:3    | Gained mutation: You are very frail (-20% HP). [a cacodemon]
 36344 | Elf:3    | Lost mutation: You are very frail (-20% HP). [a cacodemon]
 36422 | Elf:3    | Got a faintly glowing silver amulet
 36460 | Elf:3    | Identified the amulet "Zeliuk" {+Rage rPois} (You took it off a deep elf death mage on level 3 of the Elven Halls)
 36539 | Elf:3    | Got a sapphire-encrusted scale mail
 36540 | Elf:3    | Identified the +2 scale mail of the Original Sin {rC+ rN+ rCorr Int+4} (You found it on level 3 of the Elven Halls)
 36589 | Elf:3    | Got a spiked cloak
 36600 | Elf:3    | Identified the cursed +0 cloak of the Vestibule of Hell {rPois rCorr Str-3 SInv} (You found it on level 3 of the Elven Halls)
 37326 | Vaults:1 | Reached XP level 19. HP: 134/160 MP: 25/25
 37521 | Vaults:1 | Received a gift from Trog
 37624 | Vaults:1 | Got a twisted battleaxe
 37630 | Vaults:1 | Identified the +7 battleaxe of Midsummer {freeze, Int+2 Dex+4} (You found it on level 1 of the Vaults)
 37726 | Vaults:1 | Received a gift from Trog
 38750 | Vaults:1 | Received a gift from Trog
 38823 | Vaults:1 | Got a transparent hunting sling {god gift}
 38824 | Vaults:1 | Identified the +8 hunting sling of Dominance {velocity, rElec SInv} (Trog gifted it to you on level 1 of the Vaults)
 39160 | Vaults:1 | Found Ickigi's Book Boutique.
 39373 | Vaults:2 | Found a staircase to the Crypt.
 40038 | Vaults:2 | Received a gift from Trog
 40429 | Vaults:2 | Received a gift from Trog
 40483 | Vaults:2 | Got an ancient hunting sling {god gift}
 40484 | Vaults:2 | Identified the +4 hunting sling of the Orb {velocity, rElec rF++ Int+4 Stlth+} (Trog gifted it to you on level 2 of the Vaults)
 40509 | Vaults:2 | Reached skill level 10 in Dodging
 40953 | Vaults:2 | Reached skill level 20 in Shields
 41034 | Vaults:3 | Reached XP level 20. HP: 73/171 MP: 26/26
 41249 | Vaults:3 | Received a gift from Trog
 41285 | Vaults:3 | Reached ****** piety under Trog
 41330 | Vaults:3 | Found Noal's Jewellery Shop.
 41683 | Vaults:3 | Found Syhaef's Book Shoppe.
 41697 | Vaults:3 | Received a gift from Trog
 42014 | Vaults:3 | Received a gift from Trog
 42029 | Vaults:3 | Got an ebony short sword {god gift}
 42030 | Vaults:3 | Identified the +4 short sword of Oenomania {pierce, rPois} (Trog gifted it to you on level 3 of the Vaults)
 42114 | Vaults:3 | Found Ismol's Antique Weapon Emporium.
 42238 | Vaults:3 | Reached skill level 15 in Armour
 42411 | Vaults:3 | Found Hariw's Magic Scroll Boutique.
 42465 | Vaults:3 | Bought a scroll of enchant armour for 165 gold pieces
 43404 | Vaults:4 | Received a gift from Trog
 43613 | Vaults:4 | Received a gift from Trog
 43617 | Vaults:4 | Got an iridescent greatsling {god gift}
 43618 | Vaults:4 | Identified the +7 greatsling "Jadwaeq" {velocity, *Drain rF+ Int+4} (Trog gifted it to you on level 4 of the Vaults)
 44640 | Swamp:1  | Entered Level 1 of the Swamp
 44891 | Swamp:1  | Reached skill level 10 in Maces & Flails
 45062 | Swamp:1  | Noticed Donald
 45080 | Swamp:1  | Killed Donald
 45568 | Swamp:2  | Reached XP level 21. HP: 173/179 MP: 27/27
 46548 | Swamp:3  | Received a gift from Trog
 47057 | Swamp:4  | Entered Level 4 of the Swamp
 47072 | Swamp:4  | Received a gift from Trog
 47208 | Swamp:4  | Noticed Louise
 47238 | Swamp:4  | Killed Louise
 47238 | Swamp:4  | Reached skill level 21 in Shields
 47347 | Swamp:4  | Received a gift from Trog
 47379 | Swamp:4  | Reached skill level 15 in Fighting
 47569 | Swamp:4  | Got a decaying rune of Zot
 47667 | Swamp:4  | Received a gift from Trog
 48691 | Depths:1 | Entered Level 1 of the Depths
 48826 | Depths:1 | Received a gift from Trog
 49810 | Depths:1 | Found a gateway to Hell.
 49888 | Depths:1 | Received a gift from Trog
 50003 | Depths:1 | Found a one-way gate leading to the halls of Pandemonium.
 50183 | Depths:1 | Noticed Nikola
 50202 | Depths:1 | Killed Nikola
 50323 | Hell     | Entered the Vestibule of Hell
 50323 | Hell     | Noticed Geryon
 50415 | Depths:2 | Found a one-way gate to the infinite horrors of the Abyss.
 50433 | Depths:2 | Received a gift from Trog
 50780 | Depths:2 | Reached XP level 22. HP: 179/189 MP: 28/28
 50961 | Depths:2 | HP: 9/189 [deep elf knight/shard of ice (3)]
 51357 | Depths:2 | Received a gift from Trog
 51729 | Depths:2 | Received a gift from Trog
 51892 | Depths:2 | Noticed a shard shrike
 51892 | Depths:2 | a titan changed into a shard shrike
 51895 | Depths:2 | a shard shrike changed into a titan
 51899 | Depths:2 | Noticed a juggernaut
 51899 | Depths:2 | a titan changed into a juggernaut
 51905 | Depths:2 | a juggernaut changed into a caustic shrike
 52158 | Depths:1 | Reached skill level 22 in Shields
 52439 | Vaults:5 | Entered Level 5 of the Vaults
 52463 | Vaults:4 | Received a gift from Trog
 52779 | Vaults:5 | Received a gift from Trog
 53583 | Vaults:5 | Found Anasih's Antique Armour Boutique.
 53592 | Vaults:5 | Found Notois's Gadget Shoppe.
 53764 | Vaults:4 | Received a gift from Trog
 53945 | Vaults:4 | Reached XP level 23. HP: 131/197 MP: 29/29
 54099 | Vaults:5 | Received a gift from Trog
 54265 | Vaults:4 | HP: 9/197 [ettin/dire flail (16)]
 54961 | Vaults:5 | Noticed an ancient lich
 54983 | Vaults:5 | Killed an ancient lich
 54983 | Vaults:5 | Reached skill level 10 in Evocations
 55042 | Vaults:5 | Received a gift from Trog
 55171 | Vaults:5 | Identified a +4 rod of the swarm (3/11) (You took it off an ironheart preserver on level 5 of the Vaults)
 55523 | Vaults:5 | Reached skill level 23 in Shields
 55985 | Vaults:5 | Got a silver rune of Zot
 56338 | Vaults:5 | Bought a runed helmet for 198 gold pieces
 56774 | Depths:2 | Received a gift from Trog
 57266 | Depths:2 | Received a gift from Trog
 58173 | Depths:3 | Reached XP level 24. HP: 96/207 MP: 28/28
 58391 | Depths:3 | Found an ancient bone altar of Kikubaaqudgha.
 58392 | Depths:3 | Noticed an ancient lich
 58412 | Depths:3 | Killed from afar by an ancient lich

Action                   |  1- 3 |  4- 6 |  7- 9 | 10-12 | 13-15 | 16-18 | 19-21 | 22-24 || total
-------------------------+-------+-------+-------+-------+-------+-------+-------+-------++-------
Melee: Hand axe          |   151 |   301 |   262 |   884 |   692 |   637 |       |       ||  2927
       Mace              |       |       |   154 |   135 |   963 |     2 |       |       ||  1254
       Trident           |       |       |    95 |       |       |       |       |       ||    95
       Dagger            |       |       |     3 |   205 |       |       |       |       ||   208
       Short sword       |       |       |     1 |       |       |       |       |       ||     1
       Staff             |       |       |       |     7 |       |       |       |       ||     7
       Broad axe         |       |       |       |       |    15 |       |     9 |       ||    24
       War axe           |       |       |       |       |   268 |  1630 |   835 |    72 ||  2805
       Flail             |       |       |       |       |       |     2 |       |       ||     2
       Morningstar       |       |       |       |       |       |       |  2375 |  2313 ||  4688
       Eveningstar       |       |       |       |       |       |       |       |    86 ||    86
 Fire: Hunting sling     |       |       |       |    13 |    98 |    81 |    22 |   203 ||   417
       Greatsling        |       |       |       |       |       |    58 |    19 |       ||    77
Invok: Trog's Hand       |     2 |     6 |    16 |    30 |    51 |    51 |    15 |    19 ||   190
       Berserk           |       |       |     2 |     4 |    12 |    10 |     2 |     6 ||    36
       Burn Spellbooks   |       |       |       |     2 |     2 |     8 |     4 |     4 ||    20
 Abil: Device Recharging |       |       |       |       |     1 |       |       |     1 ||     2
       Evoke Invisibilit |       |       |       |       |       |     1 |       |       ||     1
Evoke: Wand              |     1 |       |     8 |    25 |    52 |    19 |     8 |    23 ||   136
       Rod               |       |       |       |       |       |       |       |     1 ||     1
  Use: Scroll            |       |     6 |     8 |    16 |    15 |    20 |    19 |    21 ||   105
       Potion            |       |       |     8 |    11 |     8 |     7 |     3 |     5 ||    42
 Stab: Paralysed         |       |       |       |    17 |       |       |       |     9 ||    26
       Confused          |       |       |       |     5 |     5 |       |     2 |       ||    12
       Invisible         |       |       |       |       |       |     1 |       |       ||     1
  Eat: Chunk             |     1 |    15 |    25 |    60 |    43 |   129 |   175 |    99 ||   547
       Royal jelly       |       |       |     1 |       |     1 |       |     2 |       ||     4
       Beef jerky        |       |       |       |       |     3 |     5 |     1 |       ||     9
       Pizza             |       |       |       |       |       |     2 |     4 |     1 ||     7
       Meat ration       |       |       |       |       |       |     1 |       |     1 ||     2
